 Dungeon Crawl Stone Soup version 0.25-a0-663-gace7076f2c (webtiles) character file.

Game seed: 14792316485272029523, levelgen mode: deterministic

292 Alarkh the Slasher (level 6, 47/47 HPs)
             Began as a Demonspawn Fighter on Mar 25, 2020.
             Got out of the dungeon alive.
             The game lasted 00:02:43 (3023 turns).

Alarkh the Slasher (Demonspawn Fighter)             Turns: 3023, Time: 00:02:44

Health: 47/47      AC:  6    Str: 16    XL:     6   Next: 10%
Magic:  6/6        EV:  6    Int: 11    God:
Gold:   141        SH:  8    Dex: 13    Spells: 5/5 levels left

rFire    + . .     SeeInvis .   a - +0 long sword
rCold    . . .     Gourm    .   c - +0 kite shield
rNeg     . . .     Faith    .   b - +0 scale mail
rPois    .         Spirit   .   (no helmet)
rElec    .         Reflect  .   (no cloak)
rCorr    .         Harm     .   (no gloves)
MR       .....                  (no boots)
Stlth    +.........             (no amulet)
HPRegen  0.15/turn              p - ring of protection from fire
MPRegen  0.10/turn              (no ring)

@: no status effects
A: nightstalker 1
a: no special abilities


You escaped.
You were not hungry.

You visited 1 branch of the dungeon, and saw 3 of its levels.

You collected 141 gold pieces.

Inventory:

Hand Weapons
 a - a +0 long sword (weapon)
Armour
 b - a +0 scale mail (worn)
 c - a +0 kite shield (worn)
Jewellery
 h - an uncursed amulet of guardian spirit
 p - a ring of protection from fire (left hand)
Scrolls
 e - 4 scrolls of amnesia {unknown}
 i - a scroll of magic mapping {unknown}
 j - 6 scrolls of identify {unknown}
 l - a scroll of fog {unknown}
 n - 2 scrolls of remove curse {unknown}
 o - a scroll of blinking {unknown}
Potions
 d - 2 potions of might
 g - a potion of flight
 k - a potion of cancellation
 m - a potion of degeneration {unknown}
Comestibles
 f - 6 rations
 q - a chunk of flesh


   Skills:
 - Level 3.0 Fighting
 + Level 5.9 Long Blades
 - Level 2.6 Armour
 - Level 2.6 Shields


You had 5 spell levels left.
You didn't know any spells.
Your spell library was empty.

Dungeon Overview and Level Annotations

Branches:
Dungeon (3/15)

Altars:


Innate Abilities, Weirdness & Mutations

You are slightly more attuned to the shadows.


Message History

There is an open door here.
Found a hand axe.
Done exploring.
Done exploring.
No target in view!
Done exploring.
Done exploring.
Saving game... please wait.
Welcome back, Alarkh the Demonspawn Fighter.
Press ? for a list of commands and other information.
There is a stone staircase leading up here.
You climb upwards.
There is a stone staircase leading down here.
There is a stone staircase leading up, spattered with blood here.
You climb upwards.
There is a stone staircase leading down here.
You see here a +0 club.
There is a staircase leading out of the dungeon here.
Are you sure you want to leave the Dungeon?
This will make you lose the game!
You have escaped!

.....[..##########
##.####...### .....)..#
#########..# #...###
........# #..........#
###....
##...#########.#######..#
#..## #...#
#.....#.....#..# #..#
##...#####.....#.....#..#
#).#
#......)....##.#.##..#..#
#..#
#...........#..#..#..#..#
#..#
#...........#..#@.#..#..##
#..#
.....######.#..##.#.##...#
#..## #.#.##
#.#.....#....#.####....
..#.#
##.#.....#.####.##....##
#.#.######..#######.#
#.##...(##
..#.....##....[.....#
#.#.......
........#..##########
#.#.....##
..................#
#.#.....#
..................#
###.#.....#


There were no monsters in sight!

Vanquished Creatures
  Grinder (D:3)
  3 adders
  A worm (D:3)
  A dart slug (D:3)
  2 leopard geckos
  5 orcs (D:3)
  A ball python (D:2)
  3 bats
  2 giant cockroaches
  10 goblins
  9 hobgoblins
  2 jackals (D:1)
  2 quokkas
  3 frilled lizards
  5 kobolds
  6 rats
56 creatures vanquished.

Notes
Turn   | Place    | Note
-------+----------+-------------------------------------------
     0 | D:1      | Alarkh the Demonspawn Fighter began the quest for the Orb.
     0 | D:1      | Reached XP level 1. HP: 18/18 MP: 1/1
    16 | D:1      | Reached skill level 2 in Long Blades
   123 | D:1      | You fall into a shaft and drop 1 floor!
   220 | D:1      | Gained mutation: You are slightly more attuned to the
                  | shadows. [demonic ancestry]
   220 | D:1      | Reached XP level 2. HP: 19/24 MP: 2/2
   915 | D:2      | Reached skill level 3 in Long Blades
  1082 | D:2      | Reached XP level 3. HP: 21/29 MP: 3/3
  2248 | D:3      | Reached XP level 4. HP: 35/35 MP: 4/4
  2262 | D:3      | Reached skill level 4 in Long Blades
  2318 | D:3      | Noticed Grinder
  2363 | D:3      | Killed Grinder
  2363 | D:3      | Reached skill level 5 in Long Blades
  2363 | D:3      | Reached XP level 5. HP: 34/41 MP: 5/5
  2363 | D:3      | Reached XP level 6. HP: 39/47 MP: 6/6
  3023 | D:$      | Got out of the dungeon alive.

Levels and vault maps discovered:
D:1:      ebering_hopf_link, layout_basic
D:2:      layout_rooms
D:3:      cheibrodos_old_hovel, layout_basic, first_ration, uniq_grinder

Skill      XL: |  1  2  3  4 |
---------------+-------------+-----
Long Blades    | 2 3 5 |  5.9
Fighting       | |  3.0
Armour         | |  2.6
Shields        | |  2.6

Action                   |  1- 3 |  4- 6 || total
-------------------------+-------+-------++-------
Melee: Long sword        |   157 |    63 ||   220
  Use: Potion            |     1 |     2 ||     3
  Eat: Chunk             |     5 |     2 ||     7
Armor: Scale mail        |    73 |    18 ||    91
       Skin              |       |    15 ||    15
Dodge: Dodged            |    48 |     9 ||    57
Block: Kite shield       |    99 |    28 ||   127
       Rpst.: Long sword |    15 |     5 ||    20

Table legend:
 A = Non-vault XP
 B = Vault XP
 C = Vault XP percentage of total XP
 D = Non-vault monster count
 E = Vault monster count
 F = Vault count percentage of total count
                 A         B        C        D         E       F
            +---------+---------+-------+---------+---------+-------
      Total |     137 |     281 |  67.2 |      54 |       2 |   3.6
            +---------+---------+-------+---------+---------+-------
        D:1 |      26 |       0 |   0.0 |      15 |       0 |   0.0
        D:2 |      61 |       0 |   0.0 |      22 |       0 |   0.0
        D:3 |      50 |     281 |  84.9 |      17 |       2 |  10.5
            +---------+---------+-------+---------+---------+-------
